 Dungeon Crawl Stone Soup version 0.26.1-2-gb8aa6d0cf2 (webtiles) character file.

Game seed: 1756449897757438214

4788 jmmainvi the Grappler (level 10, -5/100 HPs)
             Began as a Troll Gladiator on Feb 12, 2021.
             Was a Believer of Okawaru.
             Slain by Erica
             ... wielding a +4 scimitar of flaming
              (9 damage)
             ... on level 9 of the Dungeon.
             The game lasted 00:20:07 (7247 turns).

jmmainvi the Grappler (Troll Gladiator)             Turns: 7247, Time: 00:20:08

Health: -5/100     AC:  6    Str: 24    XL:     10   Next: 24%
Magic:  12/13      EV: 13    Int:  6    God:    Okawaru [**....]
Gold:   611        SH:  5    Dex: 12    Spells: 9/9 levels left

rFire    . . .     SeeInvis .     - Unarmed
rCold    . . .     Faith    .   (no shield)
rNeg     . . .     Spirit   .   G - +0 robe {Will+}
rPois    .         Reflect  +   u - +0 hat
rElec    .         Harm     .   I - scarf {+Inv}
rCorr    .         Rampage  .   (gloves unavailable)
Will     +....                  (boots unavailable)
Stlth    +++.......             v - amulet of reflection
HPRegen  0.66/turn              (no ring)
MPRegen  0.13/turn              (no ring)

@: lethally poisoned (-5 -> -5), heroism, flying
A: large, unfitting armour, claws 3, regeneration 1, shaggy fur 1, tough skin 3
a: Renounce Religion, Evoke Invisibility, Heroism


You were on level 9 of the Dungeon.
You worshipped Okawaru.
Okawaru was pleased with you.
You visited 2 branches of the dungeon, and saw 10 of its levels.

You collected 611 gold pieces.

Inventory:

Hand Weapons
 b - a +0 hunting sling
Missiles
 c - 2 throwing nets
 e - 227 stones
 k - 33 poisoned darts (quivered)
 m - 56 sling bullets
 z - 18 boomerangs
Armour
 u - a +0 hat (worn)
 G - a +0 robe of willpower (worn)
 I - a scarf of invisibility (worn)
 N - a +0 kite shield
Jewellery
 v - an amulet of reflection (around neck)
 w - an uncursed amulet of the acrobat {unknown}
 B - a +4 ring of evasion {unknown}
 M - an uncursed ring of resist corrosion {unknown}
Wands
 x - a wand of polymorph (17)
 D - a wand of random effects (18)
 J - a wand of acid (10)
 K - a wand of digging (4)
Scrolls
 a - a scroll of amnesia {unknown}
 d - 7 scrolls of teleportation
 f - 2 scrolls of random uselessness {unknown}
 g - 4 scrolls of immolation {unknown}
 j - 3 scrolls of magic mapping {unknown}
 l - 4 scrolls of blinking {unknown}
 n - 4 scrolls of remove curse {unknown}
 r - 7 scrolls of identify {unknown}
 t - 2 scrolls of fear {unknown}
 y - 2 scrolls of fog {unknown}
 A - a scroll of noise {unknown}
 F - a scroll of enchant armour {unknown}
 H - a scroll of silence {unknown}
 L - a scroll of brand weapon {unknown}
Potions
 h - 2 potions of curing {unknown}
 i - 4 potions of brilliance {unknown}
 o - 5 potions of flight
 p - 2 potions of heal wounds {unknown}
 q - a potion of cancellation {unknown}
 s - a potion of might {unknown}
 C - a potion of invisibility {unknown}
 E - 3 potions of haste


   Skills:
 + Level 6.7(11.7) Fighting
 - Level 4.0(9.0) Throwing
 - Level 2.4(7.4) Dodging
 + Level 10.4(15.4) Unarmed Combat
 * Level 6.4 Invocations


You had 9 spell levels left.
You didn't know any spells.
Your spell library contained the following spells:

 Spells                   Type           Power        Failure   Level
 Summon Small Mammal      Summ           0%           45%         1
 Call Imp                 Summ           0%           58%         2
 Call Canine Familiar     Summ           0%           83%         3
 Summon Guardian Golem    Hex/Summ       0%           83%         3
 Summon Ice Beast         Ice/Summ       0%           99%         4
 Summon Lightning Spire   Summ/Air       0%           99%         4


Dungeon Overview and Level Annotations

Branches:
Dungeon (9/15)             Temple (1/1) D:6            Lair (0/6) D:8
    Orc: D:9-12

Altars:
Cheibriados
Dithmenos
Elyvilon
Fedhas
Gozag
Kikubaaqudgha
Makhleb
Nemelex Xobeh
Okawaru
Qazlal
Ru
Sif Muna
Trog
Uskayaw
Vehumet
Wu Jian
Xom
Yredelemnul
Zin
The Shining One

Shops:
D:7 [

Annotations:
D:9 Erica


Innate Abilities, Weirdness & Mutations

You are too large for most types of armour.
You have claws for hands.
Your natural rate of healing is unusually fast.
You are covered in fur. (AC +1)
You have extremely tough skin. (AC +3)


Message History

The bolt of poison hits you!!
You are poisoned.
You mangle something!!
You feel sick. You block something's attack.
You closely miss something. Your claw misses something.
You feel sick.
You miss something.
You feel sick. Something hits you but does no damage.
You closely miss something.
You feel sick.
You closely miss something.
You feel sick. Something barely misses you.
You miss something.
You feel sick. Something hits you! Something burns you.
You scratch something. You miss something.
You feel sick. Something hits you!
* * * LOW HITPOINT WARNING * * *
Something burns you.
* * * LOW HITPOINT WARNING * * *
You closely miss something.
You feel sick.
It was a potion of flight.
You feel very buoyant.
You fly up into the air.
You feel sick. Something hits you!
* * * LOW HITPOINT WARNING * * *
Something burns you!
You die...

#....#..##+ ##
#....#..#.. ..#
#..#.#..#.#...#
#....#..#.#...#
#....#.)#.#...#
.#######'###..#.#...#
.......#...#..'.....##+
#.'...'..#........
#@#...#..#........
.......{########........
........................
#.......#...............
#.......#........###....
..................<.....
########################


There were no monsters in sight!

Vanquished Creatures
  Sigmund (D:3)
  A wyvern (D:8)
  2 yaks (D:8)
  Edmund (D:4)
  2 water moccasins
  3 sky beasts
  Purgy (D:4)
  An orc warrior (D:6)
  5 black bears
  An ice beast (D:3)
  A necrophage (D:4)
  3 ogres
  3 phantoms
  A centaur (D:7)
  Blork the orc (D:4)
  5 bullfrogs
  A gnoll sergeant (D:6)
  3 scorpions
  5 killer bees (D:8)
  A howler monkey (D:8)
  A bullfrog zombie (D:8)
  A quasit (D:8)
  A centaur zombie (D:6)
  4 orc priests
  4 hounds
  A bullfrog skeleton (D:5)
  A jelly (D:2)
  A gnoll shaman (D:8)
  Terence (D:2)
  2 iguanas
  10 orc wizards
  Natasha (thrice) (D:4)
  8 worker ants
  A hound zombie (D:5)
  A howler monkey zombie (D:5)
  A worker ant zombie (D:7)
  11 gnolls
  5 adders
  2 oozes
  An adder skeleton (D:5)
  2 worms
  3 dart slugs
  3 leopard geckos
  27 orcs
  5 giant cockroaches
  6 goblins
  8 hobgoblins
  10 jackals
  8 quokkas
  A ball python (D:2)
  11 bats
  3 frilled lizards
  5 kobolds
  A quokka zombie (D:5)
  7 rats
202 creatures vanquished.

Vanquished Creatures (others)
  A gnoll (D:8)
  37 fungi (D:8)
  52 plants (D:8)
90 creatures vanquished.

Grand Total: 292 creatures vanquished

Notes
Turn   | Place    | Note
-------+----------+-------------------------------------------
     0 | D:1      | jmmainvi the Troll Gladiator began the quest for the Orb.
     0 | D:1      | Reached XP level 1. HP: 19/19 MP: 0/0
   159 | D:1      | Reached XP level 2. HP: 26/28 MP: 1/1
   967 | D:2      | Reached XP level 3. HP: 35/35 MP: 2/2
   989 | D:2      | Reached skill level 4 in Unarmed Combat
  1036 | D:2      | Found a stormy altar of Qazlal.
  1147 | D:2      | Reached XP level 4. HP: 36/42 MP: 3/3
  1210 | D:2      | Noticed Terence
  1263 | D:2      | Killed Terence
  1458 | D:3      | Noticed Sigmund
  1557 | D:3      | Noticed an ice beast
  1568 | D:3      | Killed an ice beast
  1569 | D:3      | Reached skill level 5 in Unarmed Combat
  1569 | D:3      | Reached XP level 5. HP: 38/50 MP: 4/4
  1950 | D:3      | Killed Sigmund
  1951 | D:3      | Reached XP level 6. HP: 61/61 MP: 5/5
  2157 | D:4      | Noticed Blork the orc
  2223 | D:3      | Reached skill level 6 in Unarmed Combat
  2239 | D:4      | Noticed Edmund
  2248 | D:4      | Killed Edmund
  2249 | D:4      | Reached XP level 7. HP: 67/67 MP: 6/6
  2481 | D:4      | Killed Blork the orc
  2482 | D:4      | Reached skill level 7 in Unarmed Combat
  2727 | D:4      | Noticed Natasha
  2727 | D:4      | Noticed Purgy
  2732 | D:4      | Killed Natasha
  2733 | D:4      | Reached XP level 8. HP: 78/78 MP: 7/7
  2739 | D:4      | Killed Purgy
  2785 | D:4      | Found a shimmering blue altar of Sif Muna.
  2822 | D:4      | Found a sparkling altar of Nemelex Xobeh.
  2822 | D:4      | Found a bloodstained altar of Trog.
  2910 | D:4      | Noticed Natasha
  2914 | D:4      | Killed Natasha
  3095 | D:4      | Found a shimmering blue altar of Sif Muna.
  3099 | D:4      | Noticed Natasha
  3105 | D:4      | Killed Natasha
  3106 | D:4      | Reached skill level 8 in Unarmed Combat
  3107 | D:4      | Found a bloodstained altar of Trog.
  3108 | D:4      | Found a sparkling altar of Nemelex Xobeh.
  3285 | D:5      | Entered Level 5 of the Dungeon
  3983 | D:5      | Reached skill level 5 in Fighting
  3988 | D:5      | Reached skill level 9 in Unarmed Combat
  4010 | D:6      | Found an iron altar of Okawaru.
  4167 | D:6      | Became a worshipper of Warmaster Okawaru
  4239 | D:6      | Reached skill level 1 in Invocations
  4330 | D:6      | Reached XP level 9. HP: 81/88 MP: 9/9
  4410 | D:6      | Found a staircase to the Ecumenical Temple.
  4463 | Temple   | Entered the Ecumenical Temple
  4834 | D:7      | Found Urrech's Armour Shop.
  4842 | D:7      | Reached * piety under Okawaru
  5079 | D:7      | Found an opulent altar of Gozag.
  5101 | D:7      | Found a snail-covered altar of Cheibriados.
  5932 | D:8      | Reached skill level 10 in Unarmed Combat
  6015 | D:8      | Reached skill level 5 in Invocations
  6103 | D:8      | Reached ** piety under Okawaru
  6154 | D:8      | Reached XP level 10. HP: 57/100 MP: 13/13
  6198 | D:8      | Found a staircase to the Lair.
  6686 | D:8      | Found a shimmering altar of Xom.
  7062 | D:8      | Found a blossoming altar of Fedhas.
  7225 | D:9      | Noticed Erica
  7247 | D:9      | HP: 4/100 [something (17)]
  7247 | D:9      | Slain by Erica

Illustrated notes

Levels and vault maps discovered:
D:1:      dpeg_chamrin_arrival_tetris, layout_loops_ring
D:2:      layout_rooms, nicolae_qazlal_general_emergency,
          minmay_small_reverse_x, uniq_terence
D:3:      layout_rooms, uniq_sigmund
D:4:      layout_gridville, minitemple, uniq_edmund, uniq_natasha,
          uniq_blork_the_orc, uniq_purgy
D:5:      layout_basic
D:6:      layout_rooms, okawaru_trees_1, minmay_temple_entry_hall
D:7:      layout_basic, slow_altar_2, grunt_gozag_statues, serial_shops, shop
D:8:      layout_loops_ring, nicolae_overflow_crystal_walls,
          fedhas_altar_fruit_tree, due_lair_maze_entry_diamond, serial_glass,
          glass_columns_a, glass_columns_c, item_on_display_b,
          due_unseen_surprise, item_on_display_a, item_on_display_a
D:9:      layout_stronghold, lemuel_crystal_altar, evilmike_ruin_ashenzari,
          zombieorc2_lemuel, uniq_erica, uniq_harold
Temple:   minmay_temple_curvy_loop

Skill      XL: |  1  2  3  4  5  6  7  8  9 10 |
---------------+-------------------------------+-----
Throwing       | 2 3 4 |  4.0
Fighting       | 2 3 4 5 6 |  6.7
Unarmed Combat | 4 5 6 7 9 10 | 10.4
Invocations    | 1 5 6 |  6.4
Dodging        | |  2.4

Action                   |  1- 3 |  4- 6 |  7- 9 | 10-12 || total
-------------------------+-------+-------+-------+-------++-------
Melee: Unarmed           |    83 |   102 |   328 |    74 ||   587
       Punch             |       |       |    13 |     3 ||    16
 Fire: Hunting sling     |       |       |     2 |       ||     2
Throw: Dart              |       |     5 |     4 |       ||     9
       Throwing net      |       |     4 |       |     1 ||     5
Invok: Heroism           |       |       |     3 |     1 ||     4
  Use: Scroll            |       |       |     1 |     1 ||     2
       Potion            |       |       |       |     1 ||     1
 Stab: Sleeping          |     1 |       |       |       ||     1
Armor: Robe              |    25 |    26 |    76 |    20 ||   147
Dodge: Dodged            |    37 |    46 |   130 |    27 ||   240
Block: Other             |       |    16 |    72 |     8 ||    96
       Reflection        |       |     2 |     4 |       ||     6
